 Dungeon Sprint DCSS version 0.23-a0-558-g30802b1 (webtiles) character file.

639 JosiahThimblerig the Cleaver (level 7, -2/72 HPs)
             Began as a Hill Orc Fighter on Dec 12, 2018.
             Was an Initiate of Vehumet.
             Slain by a hellwing (5 damage)
             ... summoned by a kobold demonologist
             ... in the Dungeon (Sprint I: "Red Sonja").
             The game lasted 00:06:07 (657 turns).

JosiahThimblerig the Cleaver (Hill Orc Fighter)      Turns: 657, Time: 00:06:08

Health: -2/72      AC:  7    Str: 19    XL:     7   Next: 51%
Magic:  7/7        EV:  7    Int:  9    God:    Vehumet [......]
Gold:   165        SH: 11    Dex: 11    Spells: 6/6 levels left

rFire    . . .     SeeInvis .   a - +0 war axe
rCold    . . .     Gourm    .   c - +0 shield
rNeg     . . .     Faith    .   m - +0 chain mail
rPois    .         Spirit   .   (no helmet)
rElec    .         Reflect  .   (no cloak)
rCorr    .         Harm     .   (no gloves)
MR       .....     NoTele   +   (no boots)
Stlth    ..........             (no amulet)
HPRegen  0.22/turn              (no ring)
MPRegen  0.10/turn              (no ring)

@: corroded
A: no striking features
a: Renounce Religion


You were in the Dungeon.
You worshipped Vehumet.
Vehumet was noncommittal.
You were not hungry.

You visited 1 branch You collected 405 gold pieces.
You spent 240 gold pieces at shops.

Inventory:

Hand Weapons
 a - a +0 war axe (weapon)
 g - a +0 quarterstaff
 l - a +0 club
 n - a +0 giant club
 o - a +0 scythe
Missiles
 r - 14 stones (quivered)
Armour
 b - a +0 scale mail
 c - a +0 shield (worn)
 m - a +0 chain mail (worn)
 p - a +0 robe
Scrolls
 k - a scroll of blinking
Potions
 d - a potion of might
 e - a potion of curing
 h - a potion of haste
 i - 2 potions of magic
 j - a potion of berserk rage
Comestibles
 f - a ration


   Skills:
 + Level 10.2 Fighting
 + Level 11.3 Axes
 + Level 9.4 Armour
 + Level 1.4 Dodging
 + Level 8.0 Shields


You had 6 spell levels left.
You didn't know any spells.
Your spell library contained the following spells:

 Spells                   Type           Power        Failure   Level  Hunger
 Magic Dart               Conj           #...         100%        1    ##.....
 Blink                    Tloc           N/A          100%        2    ###....
 Call Imp                 Summ           #.......     100%        2    ###....
 Slow                     Hex            #.......     100%        2    ###....
 Conjure Flame            Conj/Fire      #.......     100%        3    ####...
 Mephitic Cloud           Conj/Pois/Air  #.......     100%        3    ####...


Dungeon Overview and Level Annotations

Branches:
Dungeon (1/1)

Altars:
Cheibriados
Dithmenos
Elyvilon
Fedhas
Gozag
Hepliaklqana
Kikubaaqudgha
Makhleb
Nemelex Xobeh
Okawaru
Qazlal
Ru
Sif Muna
Trog
Uskayaw
Vehumet
Wu Jian
Xom
Yredelemnul
Zin
The Shining One
Jiyva
Lugonu

Shops:
D :


Message History

The ufetubus barely misses you. The ufetubus hits you.
* * * LOW HITPOINT WARNING * * *
You block the rust devil's attack.
Your shield and chain mail prevent you from hitting the hellwing.
You hit the rust devil but do no damage.
You closely miss the ufetubus. You miss the kobold demonologist.
You block the hellwing's attack. The hellwing hits you.
* * * LOW HITPOINT WARNING * * *
The kobold demonologist hits you with a +0 dagger.
* * * LOW HITPOINT WARNING * * *
You block the ufetubus's attack.
The ufetubus hits you but does no damage.
The rust devil hits you. The rust devil corrodes you!
You closely miss the hellwing. You slash the kobold demonologist!
You hit the ufetubus.
You hit the rust devil but do no damage.
The ufetubus disappears in a puff of smoke! x2
The shadow imp disappears in a puff of smoke! x2
The hellwing closely misses you. The hellwing hits you.
You die...

##########################
#<.#..'..#..'..#__#..'...#
#..'..#..'..#..K..K..#
#..#####'#####'#__####
#..####..#§4§#.####
#..#__####@4##.#
#..#_____##K#_.+
#⌠⌠#_.∩...3§55_#
####_..__##§.#'#
#_____###+#.# ####### ###


You could see a hellwing, a rust devil, a kobold demonologist, a white imp and a
shadow imp.

Vanquished Creatures
  A slime creature (D)
  Sigmund (D)
  A yak (D)
  An ogre (D)
  A jelly (D)
  Ijyb (D)
6 creatures vanquished.

Notes
Turn   | Place    | Note
-------+----------+-------------------------------------------
     0 | D        | JosiahThimblerig the Hill Orc Fighter began the quest for
                  | the Orb.
     0 | D        | Reached XP level 1. HP: 19/19 MP: 1/1
     2 | D        | Noticed Ijyb
     6 | D        | Killed Ijyb
     6 | D        | Reached skill level 5 in Fighting
     6 | D        | Reached skill level 3 in Axes
     6 | D        | Reached XP level 2. HP: 28/29 MP: 2/2
     6 | D        | Reached XP level 3. HP: 34/36 MP: 3/3
    20 | D        | Noticed an ogre
    27 | D        | Killed an ogre
    27 | D        | Reached skill level 5 in Axes
    27 | D        | Reached XP level 4. HP: 9/45 MP: 4/4
   267 | D        | Noticed Sigmund
   289 | D        | Killed Sigmund
   289 | D        | Reached skill level 8 in Axes
   289 | D        | Reached XP level 5. HP: 35/56 MP: 5/5
   289 | D        | Reached XP level 6. HP: 39/62 MP: 6/6
   410 | D        | Found an ornate altar of the Wu Jian Council.
   410 | D        | Found a deep blue altar of Sif Muna.
   412 | D        | Found a radiant altar of Vehumet.
   421 | D        | Became a worshipper of Vehumet
   436 | D        | Found Rekhasoe's Book Emporium.
   436 | D        | Found an ancient bone altar of Kikubaaqudgha.
   436 | D        | Found a hazy altar of Hepliaklqana.
   436 | D        | Found a hide-covered altar of Uskayaw.
   436 | D        | Found a basalt altar of Yredelemnul.
   436 | D        | Found an opulent altar of Gozag.
   436 | D        | Found a snail-covered altar of Cheibriados.
   436 | D        | Found a sacrificial altar of Ru.
   436 | D        | Found a shadowy altar of Dithmenos.
   436 | D        | Noticed a yak
   449 | D        | Killed a yak
   449 | D        | Reached skill level 10 in Axes
   449 | D        | Reached skill level 1 in Dodging
   449 | D        | Reached XP level 7. HP: 44/70 MP: 7/7
   450 | D        | Found a stormy altar of Qazlal.
   450 | D        | Found a blossoming altar of Fedhas.
   450 | D        | Found a bloodstained altar of Trog.
   450 | D        | Found an iron altar of Okawaru.
   450 | D        | Found a glowing golden altar of the Shining One.
   450 | D        | Found a glowing silver altar of Zin.
   450 | D        | Found a white marble altar of Elyvilon.
   568 | D        | Found a sparkling altar of Nemelex Xobeh.
   572 | D        | Bought a book of Minor Magic for 240 gold pieces
   589 | D        | Found a viscous altar of Jiyva.
   589 | D        | Found a corrupted altar of Lugonu.
   589 | D        | Noticed a slime creature
   590 | D        | Found a burning altar of Makhleb.
   590 | D        | Found a shimmering altar of Xom.
   605 | D        | Killed a slime creature
   605 | D        | Reached skill level 10 in Fighting
   605 | D        | Reached skill level 11 in Axes
   621 | D        | Noticed a kobold demonologist
   642 | D        | Noticed a neqoxec
   648 | D        | Noticed a rust devil
   652 | D        | Noticed a hellwing
   656 | D        | HP: 3/72 [kobold demonologist/+0 dagger (2)]
   657 | D        | Slain by a hellwing

Vault maps used:
D:        dungeon_sprint_1

Skill      XL: |  1  2  3  4  5  6  7 |
---------------+----------------------+-----
Fighting       | 5 6 8 9 10 | 10.2
Axes           | 3 5 8 10 11 | 11.3
Armour         | 4 6 7 9 |  9.4
Shields        | 4 6 7 8 |  8.0
Dodging        | 1 |  1.4

Action                   |  1- 3 |  4- 6 |  7- 9 || total
-------------------------+-------+-------+-------++-------
Melee: War axe           |    10 |    34 |    17 ||    61
  Use: Potion            |       |     1 |     1 ||     2
Armor: Chain mail        |       |     6 |    22 ||    28
Dodge: Dodged            |     1 |     2 |    19 ||    22
Block: Shield            |     5 |     9 |    33 ||    47

Table legend:
 A = Non-vault XP
 B = Vault XP
 C = Vault XP percentage of total XP
 D = Non-vault monster count
 E = Vault monster count
 F = Vault count percentage of total count
                 A         B        C        D         E       F
            +---------+---------+-------+---------+---------+-------
      Total |       0 |     914 | 100.0 |       0 |       6 | 100.0
            +---------+---------+-------+---------+---------+-------
          D |       0 |     914 | 100.0 |       0 |       6 | 100.0
            +---------+---------+-------+---------+---------+-------
